 Dungeon Crawl Stone Soup version 0.29.0-15-g675c0067aa (webtiles) character file.

Game seed: 13649179528897692027

43813 selen22 the Fencer (level 14, -11/119 HPs)
             Began as a Merfolk Gladiator on Sept 11, 2022.
             Was an Initiate of Gozag.
             Mangled by Donald
             ... wielding a +0 broad axe
              (35 damage)
             ... on level 1 of the Orcish Mines.
             The game lasted 00:25:18 (24751 turns).

selen22 the Fencer (Merfolk Gladiator)             Turns: 24751, Time: 00:25:19

Health: -11/119    AC: 13    Str: 14    XL:     14   Next: 25%
Magic:  14/14      EV: 21    Int: 13    God:    Gozag
Gold:   3622       SH:  0    Dex: 21    Spells: 13/13 levels left

rFire   + . .      SeeInvis .   Z - +3 great sword (flame)
rCold   . . .      Faith    .   (shield currently unavailable)
rNeg    . . .      Spirit   .   Y - +4 ring mail {rF+}
rPois   .          Reflect  .   c - +0 helmet
rElec   .          Harm     .   (no cloak)
rCorr   +          Rampage  .   I - +0 pair of gloves
Will    +....                   u - +1 pair of boots
Stlth   +.........              S - amulet of regeneration
HPRegen 1.09/turn               k - +6 ring of intelligence
MPRegen 0.14/turn               K - ring of resist corrosion

@: mighty
A: (nimble swimmer 2), mertail
a: Renounce Religion, Potion Petition, Call Merchant, Bribe Branch


You were on level 1 of the Orcish Mines.
You worshipped Gozag.
Gozag was most pleased with you.
You visited 3 branches of the dungeon, and saw 16 of its levels.
You also visited: Volcano.

You collected 4504 gold pieces.
You spent 525 gold pieces at shops.
You paid 357 gold pieces to Gozag.

Inventory:

Hand Weapons
 B - the +5 long sword "Lykesmul" {drain, rElec rN+ Dex+3}
   (You found it on level 4 of the Lair of Beasts)

   A truly terrible weapon, it drains the life of any living foe it strikes.
   Dex:       It affects your dexterity (+3).
   rElec:     It insulates you from electricity.
   rN:        It protects you from negative energy.
 G - the +4 trident of an ice cave {drain, rElec Will+++ Dex+3}
   (You found it on level 4 of the Dungeon)

   A truly terrible weapon, it drains the life of any living foe it strikes.
   Dex:       It affects your dexterity (+3).
   rElec:     It insulates you from electricity.
   Will:      It greatly increases your willpower.
 Z - a +3 great sword of flaming (weapon)
Missiles
 q - 3 javelins (quivered)
 C - 9 poisoned darts
Armour
 b - a +0 leather armour
 c - a +0 helmet (worn)
 n - the +0 robe of the Learner {Int+4}
   (You found it on level 2 of the Dungeon)

   Int:       It affects your intelligence (+4).
 u - a +1 pair of boots (worn)
 D - the +0 leather armour of the Elephant {rC- Regen+ Slay+3}
   (You found it on level 4 of the Dungeon)

   Slay:      It affects your accuracy & damage with ranged weapons and melee
   (+3).
   rC:        It makes you vulnerable to cold.
   Regen:     It increases your rate of health regeneration.
 E - a +2 robe of cold resistance
 I - a +0 pair of gloves (worn)
 N - a +4 ring mail of willpower
 Y - a +4 ring mail of fire resistance (worn)
Jewellery
 i - the ring of Qotaj {Fly rC- Dex+6}
   (You found it on level 3 of the Lair of Beasts)

   [ring of flight]

   Dex:       It affects your dexterity (+6).
   rC:        It makes you vulnerable to cold.
   Fly:       It grants you flight.
 k - a +6 ring of intelligence (left hand)
 A - an amulet of reflection
 K - a ring of resist corrosion (right hand)
 P - an amulet of guardian spirit
 S - an amulet of regeneration (around neck)
Wands
 d - a wand of polymorph (19)
 o - a wand of digging (5)
 p - a wand of mindburst (7)
 H - a wand of iceblast (18)
Scrolls
 e - a scroll of silence
 h - 2 scrolls of identify
 j - 3 scrolls of poison
 m - a scroll of fog
 r - a scroll of amnesia
 t - a scroll of torment
 w - 2 scrolls of enchant weapon
 x - 3 scrolls of immolation
 y - 2 scrolls of enchant armour
 F - 3 scrolls of magic mapping
 L - a scroll of summoning {unknown}
 M - 4 scrolls of blinking
 Q - a scroll of fear
 U - 6 scrolls of teleportation
 V - a scroll of vulnerability {unknown}
 X - 2 scrolls of brand weapon
Potions
 f - 3 potions of degeneration
 g - 5 potions of flight
 l - 15 potions of ambrosia
 s - 6 potions of brilliance
 v - 3 potions of mutation
 z - 3 potions of magic
 J - 5 potions of cancellation
 O - a potion of heal wounds
 R - a potion of attraction
 T - a potion of haste
 W - a potion of lignification


   Skills:
 + Level 13.7 Fighting
 - Level 3.3(13.4) Short Blades
 - Level 19.8(20.0) Long Blades
 - Level 2.0 Throwing
 + Level 16.3 Dodging


You had 13 spell levels left.
You didn't know any spells.
Your spell library contained the following spells:

 Spells                   Type           Power      Damage    Failure   Level
 Magic Dart               Conj           0%         1d3       54%         1
 Call Imp                 Summ           0%         N/A       67%         2
 Searing Ray              Conj           0%         2d4       67%         2
 Mephitic Cloud           Conj/Pois/Air  0%         N/A       88%         3
 Stone Arrow              Conj/Erth      0%         3d7       88%         3
 Tukima's Dance           Hex            0%         N/A       88%         3
 Animate Armour           Summ/Erth      0%         N/A       99%         4
 Fulminant Prism          Conj/Hex       0%         3d6       99%         4
 Passage of Golubria      Tloc           0%         N/A       99%         4
 Freezing Cloud           Conj/Ice/Air   0%         6-21      100%        5
 Yara's Violent Unravell  Hex/Tmut       0%         3d3       100%        5
 Lehudib's Crystal Spear  Conj/Erth      0%         10d2      100%        8
 Polar Vortex             Ice            0%         N/A       100%        9
 Simulacrum               Ice/Necr       Unusable   N/A       N/A         6

Dungeon Overview and Level Annotations

Branches:
Dungeon (10/15)            Temple (0/1) D:7            Lair (4/5) D:9
 Shoals (0/4) Lair:3       Spider (0/4) Lair:3        Slime (0/5) Lair:4
    Orc (2/2) D:9             Elf (0/3) Orc:2       Volcano (visited)

Altars:
Dithmenos
Gozag
Kikubaaqudgha
Makhleb
Okawaru
Xom
Jiyva

Shops:
D:3 (   Orc:1 ?(

Annotations:
D:4 2 transporters, Acheron's ghost, amateur TrCj
D:5 3 runed translucent doors, paps's ghost, weakling OpDe
Lair:3 1 runed translucent door, Querens's ghost, journeyman DECj
Orc:1 Donald


Innate Abilities, Weirdness & Mutations

((You are very nimble when in or above water. (Stealth+, EV+, Speed+++)))
Your lower body shifts to a powerful aquatic tail in water.


Message History

You climb downwards.
The orc shouts!
Found 84 gold pieces.
Found a staircase to the Elven Halls.
There is a stone staircase leading up here.
There are monsters nearby!
There are monsters nearby!
An orc warrior comes into view. It is wielding a +0 short sword.
The orc warrior shouts!
You hear a shout!
The ogre shouts!
You hear a shout!
There is a stone staircase leading up here.
Donald gestures wildly while chanting.
Donald seems to grow stronger.
A troll comes into view.
An orc comes into view.
It is wielding a +2 short sword of draining.
The orc shouts!
The troll shouts!
You hear a shout!
The orc hits you but does no damage. Donald barely misses you.
You climb upwards.
There is a stone staircase leading down here.
Okay, then.
You feel very mighty all of a sudden. Donald hits you with a +0 broad axe!!
The orc closely misses you. Donald blocks your attack.
Donald hits you with a +0 broad axe!! The orc completely misses you.
Donald blocks your attack.
Donald mumbles some strange words.
Donald seems to speed up.
The orc hits you but does no damage. Donald blocks your attack.
Donald kicks a rock and scowls.
Donald hits you with a +0 broad axe. Donald blocks your attack.
The orc hits you with a +0 mace of protection.
Donald closely misses you. Donald blocks your attack.
Donald hits you with a +0 broad axe!!!
* * * LOW HITPOINT WARNING * * *
The orc completely misses you.
You slice Donald!! You burn Donald.
Donald is moderately wounded.
Donald hits you with a +0 broad axe!!
You die...
Your body crumbles into a pile of gold.

##.........
###......##..
#####.##......###
##.##...##..#.###.
##...#...#....#.##.
#........##........
##..................
#.................).
###.@@..............#
##....o.......#..#.[[#
#..........#.#..#.....
#...∩......##).....[..
#.......#.#.......#.).
#.......##)[.....[[#).
##.......##.##.#..))).
##.....###)######)#..
##.....#.#...## ##.##.


You could see Donald (fast, strong) and an orc.

Vanquished Creatures
  A red draconian (Volcano)
  A boulder beetle (D:9)
  An ogre mage (Orc:1)
  6 two-headed ogres (Orc:1)
  3 death yaks (Lair:4)
  Amaemon (Lair:3)
  Pikel (D:7)
  2 manticores (Lair:3)
  2 cyclopes
  3 salamanders (Volcano)
  10 elephants
  A guardian serpent (shapeshifter) (Volcano)
  Joseph (D:7)
  4 black mambas
  A gargoyle (D:7)
  An orange demon (Lair:3)
  9 cane toads
  5 komodo dragons
  Maggie (D:7)
  2 queen bees
  4 polar bears
  A wind drake (Lair:3)
  2 slime creatures (Lair:4)
  Prince Ribbit (Lair:1)
  11 blink frogs
  Sigmund (D:4)
  35 yaks
  6 wyverns
  3 steam dragons
  7 basilisks
  2 vampire mosquitoes (D:9)
  17 water moccasins
  11 orc warriors
  A sky beast (D:7)
  3 black bears
  8 ogres
  23 wolves
  6 centaurs
  2 phantoms
  A kobold brigand (D:7)
  11 bullfrogs
  2 gnoll sergeants (D:10)
  10 scorpions
  A necrophage (D:5)
  61 killer bees
  2 electric eels
  2 howler monkeys (D:10)
  17 orc priests
  A hound (D:5)
  3 jellies
  3 iguanas
  11 orc wizards
  11 adders
  A white imp (D:5)
  3 ufetubi
  2 worms
  3 dart slugs
  51 orcs
  10 ball pythons
  11 endoplasms
  6 giant cockroaches
  11 hobgoblins
  6 jackals
  15 kobolds
  8 quokkas
  6 bats
  5 frilled lizards
  9 goblins
  8 rats
491 creatures vanquished.

Vanquished Creatures (others)
  A killer bee (Lair:3)
  An orc wizard (Orc:2)
  An orc (D:7)
  A kobold (D:7)
  32 fungi
  60 plants
96 creatures vanquished.

Grand Total: 587 creatures vanquished

Notes
Turn   | Place    | Note
-------+----------+-------------------------------------------
     0 | D:1      | selen22 the Merfolk Gladiator began the quest for the Orb.
     0 | D:1      | Reached XP level 1. HP: 16/16 MP: 1/1
   270 | D:1      | Reached skill level 4 in Long Blades
   270 | D:1      | Reached XP level 2. HP: 17/23 MP: 2/2
   772 | D:1      | Reached XP level 3. HP: 22/29 MP: 3/3
   823 | D:1      | Reached skill level 1 in Short Blades
  1704 | D:2      | Identified the +0 robe of the Learner {Int+4}
  1878 | D:2      | Reached XP level 4. HP: 34/35 MP: 4/4
  1885 | D:2      | Found an opulent altar of Gozag.
  2208 | D:2      | Became a worshipper of Gozag Ym Sagoz the Greedy
  3528 | D:3      | Reached XP level 5. HP: 42/42 MP: 5/5
  3784 | D:3      | Found Qoedew's Antique Weapon Shoppe.
  3823 | D:3      | Bought a runed great sword for 228 gold pieces
  4064 | D:3      | Found a faded altar of an unknown god.
  4117 | D:4      | Noticed Sigmund
  4132 | D:3      | HP: 2/43 [goblin/+0 club (1)]
  4941 | D:4      | Identified the +0 leather armour of the Elephant {rC-
                  | Regen+ Slay+3}
  4952 | D:4      | Killed Sigmund
  4953 | D:4      | Reached skill level 5 in Fighting
  4953 | D:4      | Reached skill level 5 in Long Blades
  4953 | D:4      | Reached XP level 6. HP: 13/51 MP: 6/6
  5330 | D:4      | Identified the +4 trident of an ice cave {drain, rElec
                  | Will+++ Dex+3}
  5800 | D:4      | Reached skill level 6 in Long Blades
  5800 | D:4      | Reached XP level 7. HP: 9/57 MP: 7/7
  5801 | D:4      | HP: 2/57 [orc priest/+0 trident (7)]
  6257 | D:4      | Found a transporter.
  6258 | D:4      | Found a transporter.
  6258 | D:4      | Noticed Acheron's ghost (amateur TrCj)
  6262 | D:4      | Identified the +5 dire flail "Muafal" {elec, Fragile rPois
                  | rC++ Will+ SInv}
  6366 | D:5      | Entered Level 5 of the Dungeon
  6453 | D:5      | Reached skill level 7 in Long Blades
  6567 | D:5      | Noticed paps's ghost (weakling OpDe)
  6583 | D:5      | Reached XP level 8. HP: 67/67 MP: 8/8
  6654 | D:5      | Noticed a yak
  6654 | D:5      | Noticed a yak
  6672 | D:5      | Killed a yak
  6776 | D:5      | Found a runed translucent gate.
  6778 | D:5      | Found a runed translucent gate.
  6778 | D:5      | Found a runed translucent gate.
  6791 | D:5      | Reached skill level 8 in Long Blades
  6791 | D:5      | Reached skill level 5 in Dodging
  6959 | D:5      | Noticed a yak
  6961 | D:5      | Noticed a yak
  6968 | D:5      | Killed a yak
  6976 | D:5      | Killed a yak
  6977 | D:5      | Reached skill level 9 in Long Blades
  6979 | D:5      | Killed a yak
  6980 | D:5      | Reached XP level 9. HP: 57/72 MP: 9/9
  7494 | D:6      | Reached skill level 10 in Long Blades
  7697 | D:6      | You fall into a shaft and drop 2 floors!
  8248 | D:7      | Noticed Joseph
  8745 | D:7      | Noticed a gargoyle
  8751 | D:7      | Killed a gargoyle
  9010 | D:7      | Noticed Pikel
  9031 | D:7      | Killed Pikel
  9032 | D:7      | Reached skill level 11 in Long Blades
  9032 | D:7      | Reached skill level 10 in Dodging
  9475 | D:7      | Reached XP level 10. HP: 69/79 MP: 10/10
  9566 | D:7      | Found a staircase to the Ecumenical Temple.
  9574 | D:7      | Noticed Maggie
  9582 | D:7      | Killed Maggie
 10072 | D:7      | Reached skill level 12 in Long Blades
 10155 | D:7      | Killed Joseph
 10814 | D:8      | Found an ancient bone altar of Kikubaaqudgha.
 10880 | D:8      | Found a shadowy altar of Dithmenos.
 11091 | D:8      | Found a shimmering altar of Xom.
 11091 | D:8      | Found an iron altar of Okawaru.
 11366 | D:9      | Reached skill level 13 in Long Blades
 11824 | D:9      | Found a staircase to the Lair.
 11873 | D:9      | Reached XP level 11. HP: 79/84 MP: 11/11
 12228 | D:9      | Reached skill level 14 in Long Blades
 12337 | D:9      | Found a staircase to the Orcish Mines.
 12353 | D:9      | Noticed a cyclops
 12362 | D:9      | Killed a cyclops
 12497 | D:9      | Found a burning altar of Makhleb.
 12894 | D:10     | Entered Level 10 of the Dungeon
 13498 | D:10     | Noticed a boulder beetle
 14210 | D:9      | Killed a boulder beetle
 15002 | D:10     | Noticed a cyclops
 15008 | D:10     | Noticed a skeletal warrior
 15010 | D:10     | Noticed an ogre mage
 15011 | D:10     | Noticed a centaur warrior
 15015 | D:10     | Noticed a sun demon
 15556 | Lair:1   | Entered Level 1 of the Lair of Beasts
 15639 | Lair:1   | Noticed Prince Ribbit
 15648 | Lair:1   | Reached skill level 15 in Long Blades
 15691 | Lair:1   | Reached skill level 15 in Dodging
 15741 | Lair:1   | Killed Prince Ribbit
 16843 | Lair:1   | Reached XP level 12. HP: 91/91 MP: 12/12
 16859 | Lair:1   | Reached skill level 16 in Long Blades
 18210 | Lair:2   | Found a dark tunnel.
 18235 | Volcano  | Entered a volcano
 18275 | Volcano  | Noticed a red draconian
 18287 | Volcano  | Killed a red draconian
 18746 | Lair:2   | Reached skill level 17 in Long Blades
 19562 | Lair:3   | Found a hole to the Spider Nest.
 19777 | Lair:3   | Reached skill level 10 in Fighting
 19780 | Lair:3   | Reached XP level 13. HP: 62/103 MP: 13/13
 19987 | Lair:3   | Found a staircase to the Shoals.
 19987 | Lair:3   | Noticed Amaemon
 20007 | Lair:3   | Killed Amaemon
 20264 | Lair:3   | Reached skill level 18 in Long Blades
 20504 | Lair:3   | Found a runed translucent door.
 20504 | Lair:3   | Found a shimmering altar of Xom.
 20504 | Lair:3   | Noticed Querens's ghost (journeyman DECj)
 21599 | Lair:3   | Identified the ring of Qotaj {Fly rC- Dex+6}
 22692 | Lair:4   | Reached skill level 19 in Long Blades
 23085 | Lair:4   | Found a staircase to the Slime Pits.
 23114 | Lair:4   | Found a viscous altar of Jiyva.
 23373 | Lair:4   | Identified the +5 long sword "Lykesmul" {drain, rElec rN+
                  | Dex+3}
 23917 | Orc:1    | Entered Level 1 of the Orcish Mines
 23923 | Orc:1    | Reached XP level 14. HP: 116/116 MP: 14/14
 24160 | Orc:1    | Found Pimoseurgh's Antique Weapon Shop.
 24437 | Orc:1    | Found Sunug's Magic Scroll Shop.
 24445 | Orc:1    | Bought a scroll of teleportation for 54 gold pieces
 24445 | Orc:1    | Bought a scroll of fear for 72 gold pieces
 24445 | Orc:1    | Bought a scroll of blinking for 135 gold pieces
 24445 | Orc:1    | Bought a scroll of identify for 36 gold pieces
 24501 | Orc:2    | Entered Level 2 of the Orcish Mines
 24737 | Orc:2    | Identified the +4 kite shield of the Albatross {Rampage rN+
                  | Int-2}
 24737 | Orc:2    | Noticed Donald
 24737 | Orc:2    | Found a staircase to the Elven Halls.
 24751 | Orc:1    | Mangled by Donald

Illustrated notes

Levels and vault maps discovered:
D:1:      elethiomel_arrival_infinity_welcomes_careful_drivers, layout_basic,
          st_stairs_1
D:2:      layout_loops_ring, basic_altar, minmay_cupped
D:3:      layout_basic, serial_shops, nicolae_shop_overgrown_old_shop,
          shapermc_ecumenical_altar_petra, minmay_bisected
D:4:      layout_loops_ring, serial_rivers, chequers_serial_rivers_micro_d,
          chequers_serial_rivers_small_3, chequers_serial_rivers_large_a,
          chequers_serial_rivers_small_3, chequers_serial_rivers_small_a,
          gammafunk_ghost_smash, st_stairs_9, minmay_quantized, uniq_sigmund
D:5:      layout_basic, gammafunk_ghost_icy, grunt_tough_drop
D:6:      layout_basic, mrwooster_statue_mirror
D:7:      layout_loops_ring, minmay_temple_entry_slanted, uniq_maggie,
          uniq_pikel, uniq_joseph
D:8:      layout_rooms, mainiacjoe_overflow_divided_tiny,
          mainiacjoe_overflow_catch_the_wave
D:9:      layout_roguey, mainiacjoe_overflow_alcove_4,
          due_lair_maze_entry_diamond, orc_0_dummy, serial_corexii_hall,
          chequers_hall_statues_corner_a, corexii_hall_statues_deadend,
          chequers_hall_statues_corner_a
D:10:     minmay_the_grid_octo_2x2 [minmay_the_grid_octo_chip,
          minmay_the_grid_octo_checkered, minmay_the_grid_octo_focus,
          minmay_the_grid_octo_prize_square_snowflake], layout_layer_cave,
          minivault_16, minmay_guarded_unrand_staff_of_olgreb
Lair:1:   layout_roguey [special_room_bee], cheibrodos_lair_caveside_slide,
          infiniplex_staircase_pool_2, grunt_megastairs_4, lemuel_fruit_fields,
          uniq_prince_ribbit2
Lair:2:   layout_hall_layers, nicolae_volcano_entry_two_sided,
          serial_bayou_shore_a, grunt_megastairs_2
Lair:3:   regret_index_bee_streams, layout_chaotic_city,
          minmay_shoals_entry_beasts, nicolae_spider_entry_non_spiders,
          ebering_ghost_xom, chequers_serial_rivers_micro_c,
          lemuel_fruit_fields, uniq_amaemon
Lair:4:   layout_hall_layers, minmay_slime_entry_pillars, serial_bayou_pond_b,
          lemuel_fruit_fields
Orc:1:    layout_caves, serial_shops, nicolae_square_shop,
          nicolae_shop_hallway_plus, shop, shop
Orc:2:    st_orc_mages, layout_caves, lightli_church_of_beogh, uniq_donald

Skill      XL: |  1  2  3  4  5  6  7  8  9 10 11 12 13 14 |
---------------+-------------------------------------------+-----
Long Blades    | 4 5 6 7 9 11 13 15 17 19 | 19.8
Fighting       | 3 4 5 7 10 12 13 | 13.7
Short Blades   | 2 3 |  3.3
Dodging        | 7 10 13 15 16 | 16.3
Throwing       | |  2.0

Action                   |  1- 3 |  4- 6 |  7- 9 | 10-12 | 13-15 || total
-------------------------+-------+-------+-------+-------+-------++-------
Melee: Long sword        |    41 |       |       |       |       ||    41
       Dagger            |    86 |   103 |       |       |       ||   189
       Punch             |     1 |       |       |       |       ||     1
       Great sword       |       |    67 |   156 |   634 |   429 ||  1286
       Tailslap          |       |       |       |     3 |       ||     3
Throw: Throwing net      |       |     1 |     1 |     1 |       ||     3
       Javelin           |       |       |     1 |       |     1 ||     2
       Dart              |       |       |       |     2 |       ||     2
Invok: Potion Petition   |       |       |       |       |     1 ||     1
Evoke: Wand              |       |       |     4 |     2 |       ||     6
  Use: Potion            |       |     4 |     3 |     4 |     6 ||    17
       Scroll            |       |       |     8 |     6 |     9 ||    23
 Stab: Sleeping          |     2 |     1 |       |       |       ||     3
       Confused          |       |       |       |     3 |       ||     3
       Distracted        |       |       |       |     6 |     9 ||    15
       Paralysed         |       |       |       |     2 |       ||     2
       Invisible         |       |       |       |       |     2 ||     2
Armor: Leather armour    |    27 |       |       |       |       ||    27
       Robe              |     1 |    37 |    34 |     3 |       ||    75
       Ring mail         |       |       |       |   159 |    67 ||   226
Dodge: Dodged            |    94 |   133 |   109 |   772 |   420 ||  1528
Block: Other             |       |    29 |    27 |   222 |    31 ||   309
       Reflection        |       |       |       |     7 |       ||     7
